 Dungeon Crawl Stone Soup version 0.31-a0-208-gdb31a4691d (webtiles) character file.

Game seed: 18012404152838863284

38582 Pooter the Skirmisher (level 13, -2/118 HPs)
             Began as a Minotaur Berserker on June 28, 2023.
             Was an Elder of Trog.
             Slain by a reaper
             ... wielding a +3 scythe of freezing
              (12 damage)
             ... in an ice cave.
             The game lasted 01:23:49 (24663 turns).

Pooter the Skirmisher (Minotaur Berserker)         Turns: 24663, Time: 01:23:49

Health: -2/118     AC: 18    Str: 22    XL:     13   Next: 64%
Magic:  12/12      EV: 10    Int:  4    God:    Trog [****..]
Gold:   673        SH:  5    Dex: 11    Spells: 12/12 levels left

rFire   . . .        a - +3 executioner's axe (spect)
rCold   + + +        (shield currently unavailable)
rNeg    . . .        S - +0 ice dragon scales
rPois   .            (helmet restricted)
rElec   .            u - scarf {rC+ rF+}
rCorr   .            h - +2 pair of gloves
SInv    .            B - +0 pair of boots
Will    ++...        r - amulet of reflection Stlth
                     I - ring of protection from cold
HPRegen 1.39/turn    (no ring)
MPRegen 0.13/turn

%: reflection
@: strong-willed, on berserk cooldown, regenerating, slowed, studying 2 skills,
very slow
A: horns 2, retaliatory headbutt, weak 2
a: Renounce Religion, Berserk, Trog's Hand, Brothers in Arms


You were in an ice cave.
You worshipped Trog.
Trog was greatly pleased with you.
You visited 3 branches of the dungeon, and saw 16 of its levels.
You also visited: Sewer and Ice Cave.

You collected 1812 gold pieces.
You spent 1139 gold pieces at shops.

Inventory:

Hand Weapons
 a - a +3 spectral executioner's axe (weapon)
   (You acquired it on level 2 of the Orcish Mines)
 b - a +1 arbalest of electrocution
   (You took it off an orc warrior on level 2 of the Orcish Mines)
 f - a +0 heavy mace
   (You found it on level 3 of the Dungeon)
 v - a +0 war axe
   (You found it on level 3 of the Dungeon)
 x - a +2 spear of freezing
   (You took it off a gnoll on level 4 of the Dungeon)
 y - a +0 trident
   (You took it off a gnoll sergeant on level 4 of the Dungeon)
 D - a +0 morningstar of protection
   (You found it on level 9 of the Dungeon)
 N - a +7 scythe of flaming
   (You took it off Sigmund on level 2 of the Dungeon)
 P - a +0 heavy war axe
   (You took it off an orc on level 2 of the Orcish Mines)
Missiles
 j - a throwing net {!f}
 z - 5 curare-tipped darts
 A - 25 poisoned darts
 O - 14 boomerangs (quivered)
 Q - 92 stones
Armour
 h - a +2 pair of gloves (worn)
   (You found it on level 1 of the Lair of Beasts)
 u - a scarf of resistance (worn)
   (You found it in an ice cave)
 B - a +0 pair of boots (worn)
   (You found it on level 5 of the Dungeon)
 F - +2 acid dragon scales
   (You took it off Maggie on level 6 of the Dungeon)
 K - a +2 plate armour
   (You found it on level 7 of the Dungeon)
 R - a +2 chain mail of poison resistance
   (You found it in an ice cave)
 S - +0 ice dragon scales (worn)
   (You found it in an ice cave)
Jewellery
 r - an amulet of reflection (around neck)
   (You found it on level 2 of the Lair of Beasts)
 C - a +6 ring of intelligence
   (You found it on level 6 of the Dungeon)
 I - a ring of protection from cold (left hand)
   (You found it on level 2 of the Dungeon)
Wands
 d - a wand of iceblast (5)
   (You found it in an ice cave)
 n - a wand of quicksilver (10)
   (You took it off Pikel on level 8 of the Dungeon)
 q - a wand of mindburst (23)
   (You found it on level 3 of the Dungeon)
 s - a wand of flame (50)
   (You found it on level 8 of the Dungeon)
Scrolls
 c - 2 scrolls of immolation {!r}
 k - a scroll of fear
 o - 3 scrolls of blinking
 t - 9 scrolls of teleportation {@r4}
 E - a scroll of fog {unknown}
 L - a scroll of vulnerability {!r}
Potions
 e - a potion of invisibility {unknown}
 g - 2 potions of cancellation {unknown}
 i - a potion of might {unknown}
 l - 2 potions of enlightenment {unknown}
 m - 9 potions of curing {@q1}
 p - 3 potions of resistance
 w - 2 potions of attraction {!q}
 G - 3 potions of heal wounds {@q2}
 H - 2 potions of berserk rage {unknown}
 J - 2 potions of mutation {unknown}
 M - 3 potions of haste {@q3}


   Skills:
 + Level 12.0 Fighting
 * Level 12.0(14.6) Axes
 - Level 13.6(15.4) Polearms
 * Level 13.8 Ranged Weapons
 + Level 11.3 Armour
 - Level 2.1 Dodging
 - Level 3.1 Stealth
 + Level 8.5 Evocations


You had 12 spell levels left.
You didn't know any spells.
Your spell library was empty.

Dungeon Overview and Level Annotations

Branches:
Dungeon (11/15)            Temple (0/1) D:7            Lair (3/5) D:11
    Orc (2/2) D:9             Elf (0/3) Orc:2         Sewer (visited)
  IceCv (1/1)
  Swamp: Lair:2-3    Shoals: Lair:2-3     Snake: Lair:2-3    Spider: Lair:2-3

Altars:
Cheibriados
Dithmenos
Elyvilon
Hepliaklqana
Makhleb
Nemelex Xobeh
Trog
Vehumet
Xom

Shops:
Orc:2 :?[?

Portals:
Pandemonium: Orc:2


Innate Abilities, Weirdness & Mutations

You have a pair of horns on your head.
You reflexively headbutt those who attack you in melee.
You are very weak. (Str -4)


Message History

Trog accepts your kill. The reaper barely misses you.
A red film seems to cover your vision as you go berserk!
You feel yourself moving faster!
You feel mighty! The reaper barely misses you.
A wolf simulacrum comes into view.
You feel a strong urge to attack something.
The reaper hits you with a +3 scythe of freezing.
You slice the reaper!!
You headbutt the reaper, but do no damage.
The reaper hits you but does no damage.
You hit the reaper but do no damage. You barely miss the reaper.
The reaper hits you with a +3 scythe of freezing.
You barely miss the reaper.
The reaper hits you with a +3 scythe of freezing.
You hit the reaper. Your headbutt misses the reaper.
The reaper hits you with a +3 scythe of freezing!!
You hit the reaper. Your headbutt misses the reaper. You hit the reaper.
You block the reaper's attack.
You barely miss the reaper.
The reaper hits you with a +3 scythe of freezing!!
The reaper freezes you.
You closely miss the reaper. Your headbutt misses the reaper.
You are no longer berserk.
You are exhausted.
You feel yourself slow down.
The reaper hits you with a +3 scythe of freezing!
The reaper freezes you.
You completely miss the reaper.
You headbutt the reaper, but do no damage.
The reaper hits you with a +3 scythe of freezing!
The reaper closely misses you. You furiously retaliate!
You headbutt the reaper! You closely miss the reaper.
You headbutt the reaper, but do no damage.
The reaper hits you with a +3 scythe of freezing!!
* * * LOW HITPOINT WARNING * * *
An elephant simulacrum comes into view.
The reaper hits you but does no damage.
You barely miss the reaper. The reaper barely misses you.
You barely miss the reaper. The reaper closely misses you.
You furiously retaliate!
You headbutt the reaper! You block the reaper's attack.
You slash the reaper!
The reaper hits you with a +3 scythe of freezing!!
* * * LOW HITPOINT WARNING * * *
The reaper freezes you.
* * * LOW HITPOINT WARNING * * *
The reaper hits you with a +3 scythe of freezing!
You die...

#....#
##.#.#
###.##
##.#
##.#
#..#
#.##
#.##
##@#
#2#


ZZ# ZZ## ..Z ...# .... ##..# You could see a reaper, a wolf simulacrum, a death
yak simulacrum, an elephant simulacrum, a cane toad simulacrum and a polar bear
simulacrum.

Vanquished Creatures
  2 demonspawn (Orc:2)
  Erica (D:9)
  2 two-headed ogres
  A deep troll earth mage (D:11)
  3 death yaks
  The ghost of TittyCrusher the Geomancer, a journeyman OpEE of Vehumet (D:11)
  6 orc high priests
  Sonja (Orc:1)
  5 orc knights (Orc:2)
  Pikel (D:8)
  7 orc sorcerers
  Maurice (D:9)
  A black mamba (Lair:1)
  An ice statue (IceCv)
  An orange demon (Orc:2)
  The ghost of zazu2006 the Prestidigitator, a novice GnWn (D:4)
  7 cane toads
  4 gargoyles (D:10)
  Maggie (D:6)
  An anaconda simulacrum (IceCv)
  2 komodo dragons (Lair:1)
  A kobold demonologist (D:11)
  3 rime drakes
  An ice devil (IceCv)
  A hellwing (Orc:2)
  5 trolls
  A hornet (D:9)
  Sigmund (D:2)
  A shadow (D:11)
  4 wraiths
  A dire elephant simulacrum (IceCv)
  9 yaks
  2 wyverns
  A basilisk (Lair:1)
  Grum (D:9)
  2 steam dragons
  2 wargs
  Edmund (D:6)
  An acid dragon (D:11)
  5 water moccasins
  30 orc warriors
  A sky beast (D:6)
  3 black bears
  10 ogres
  17 wolves
  4 centaurs
  The ghost of Maxmaps the Shooter, an amateur DsHs (D:3)
  4 phantoms
  Blork the orc (D:6)
  3 kobold brigands
  2 gnoll sergeants
  9 scorpions
  13 bullfrogs
  2 two-headed ogre simulacra (IceCv)
  3 wights (D:8)
  15 killer bees
  An elephant simulacrum (IceCv)
  2 howler monkeys
  4 crimson imps (D:3)
  4 hounds
  6 jellies
  16 orc priests
  2 gnoll boudas
  5 iguanas
  2 sleepcaps
  12 orc wizards
  2 troll simulacra (IceCv)
  3 wolf simulacra (IceCv)
  2 spriggan simulacra (IceCv)
  Robin (D:2)
  17 adders
  20 gnolls
  A river rat (D:4)
  2 naga simulacra (IceCv)
  4 white imps
  3 ufetubi
  5 worms
  2 dart slugs (D:1)
  61 orcs
  27 ball pythons
  15 endoplasms
  13 giant cockroaches
  23 goblins
  8 hobgoblins
  2 jackals (D:4)
  13 quokkas
  6 bats
  12 frilled lizards
  15 kobolds
  5 rats
527 creatures vanquished.

Notes
Turn   | Place    | Note
-------+----------+-------------------------------------------
     0 | D:1      | Pooter the Minotaur Berserker began the quest for the Orb.
     0 | D:1      | Reached XP level 1. HP: 19/19 MP: 0/0
   104 | D:1      | Reached XP level 2. HP: 24/27 MP: 1/1
   151 | D:1      | Reached skill level 1 in Stealth
   830 | D:1      | Reached XP level 3. HP: 33/33 MP: 2/2
  1111 | D:2      | Reached ** piety under Trog
  1117 | D:2      | Noticed Sigmund
  1127 | D:2      | Killed Sigmund
  1128 | D:2      | Reached skill level 5 in Axes
  1128 | D:2      | Reached XP level 4. HP: 41/41 MP: 3/3
  1128 | D:2      | Reached XP level 5. HP: 47/47 MP: 4/4
  1232 | D:2      | Noticed Robin
  1243 | D:2      | Killed Robin
  1261 | D:2      | Reached skill level 1 in Polearms
  1604 | D:2      | Found a faded altar of an unknown god.
  1698 | D:2      | Reached XP level 6. HP: 55/55 MP: 5/5
  1901 | D:3      | Noticed Maxmaps's ghost (amateur DsHs)
  2007 | D:3      | Found a runed translucent door.
  2039 | D:3      | Killed Maxmaps's ghost
  2040 | D:3      | Reached skill level 5 in Fighting
  2040 | D:3      | Reached skill level 1 in Ranged Weapons
  2133 | D:3      | Reached *** piety under Trog
  2461 | D:3      | Reached XP level 7. HP: 54/61 MP: 6/6
  2577 | D:3      | Found a shimmering altar of Xom.
  3205 | D:4      | Found a bloodstained altar of Trog.
  3237 | D:4      | Reached skill level 5 in Polearms
  3248 | D:4      | Found a burning altar of Makhleb.
  3268 | D:4      | Found a glowing drain.
  3278 | D:4      | Reached **** piety under Trog
  3291 | Sewer    | Entered a sewer
  3656 | Sewer    | Reached XP level 8. HP: 70/70 MP: 7/7
  3745 | D:4      | Noticed zazu2006's ghost (novice GnWn)
  3749 | D:4      | Reached skill level 5 in Ranged Weapons
  3752 | D:4      | Reached ***** piety under Trog
  3916 | D:4      | Identified the +3 hand axe "Zuih" {flame, +Blink Int+3
                  | Dex-5}
  3937 | D:4      | Found a transporter.
  3949 | D:4      | Found a transporter.
  4393 | D:4      | Killed zazu2006's ghost
  4507 | D:5      | Entered Level 5 of the Dungeon
  4726 | D:5      | Found a snail-covered altar of Cheibriados.
  4852 | D:5      | Reached XP level 9. HP: 79/79 MP: 8/8
  5303 | D:5      | Received a gift from Trog
  5735 | D:6      | Noticed Edmund
  5739 | D:6      | Killed Edmund
  5770 | D:6      | Found a white marble altar of Elyvilon.
  5843 | D:6      | Found a shadowy altar of Dithmenos.
  5891 | D:6      | Noticed Blork the orc
  5895 | D:6      | Killed Blork the orc
  6518 | D:6      | Noticed Maggie
  6531 | D:6      | Killed Maggie
  6532 | D:6      | Reached skill level 10 in Polearms
  6532 | D:6      | Reached XP level 10. HP: 49/90 MP: 9/9
  7192 | D:7      | Found a radiant altar of Vehumet.
  7214 | D:7      | Found a staircase to the Ecumenical Temple.
  8196 | D:8      | Identified 2 scrolls of acquirement
  8196 | D:8      | Acquired a manual of Evocations
  8198 | D:8      | Acquired a manual of Armour
  8476 | D:8      | Noticed Pikel
  8479 | D:8      | Reached skill level 1 in Evocations
  8487 | D:8      | Killed Pikel
  8488 | D:8      | Reached skill level 10 in Ranged Weapons
  8730 | D:8      | Found a hazy altar of Hepliaklqana.
  9393 | D:9      | Found a staircase to the Orcish Mines.
  9543 | D:9      | Noticed Maurice
  9569 | D:9      | Killed Maurice
  9570 | D:9      | Reached XP level 11. HP: 97/97 MP: 10/10
  9678 | D:9      | Reached skill level 5 in Armour
  9723 | D:9      | Noticed Grum
  9729 | D:9      | Killed Grum
  9777 | D:9      | Noticed Erica
  9788 | D:9      | Killed Erica
 10459 | D:10     | Entered Level 10 of the Dungeon
 10801 | D:10     | Found a sparkling altar of Nemelex Xobeh.
 11370 | Orc:1    | Entered Level 1 of the Orcish Mines
 11710 | Orc:1    | Reached skill level 10 in Fighting
 11959 | Orc:2    | Entered Level 2 of the Orcish Mines
 12503 | Orc:2    | Noticed an orc high priest
 12507 | Orc:2    | Noticed an orc sorcerer
 12510 | Orc:2    | Noticed a soul eater
 12519 | Orc:1    | Killed an orc high priest
 12530 | Orc:1    | Killed an orc sorcerer
 13056 | Orc:1    | Reached skill level 5 in Evocations
 14599 | Orc:2    | Noticed an orc knight
 14603 | Orc:2    | Killed an orc knight
 15513 | Orc:2    | Found Jouv Wix's Magic Scroll Boutique.
 15514 | Orc:2    | Found Xuges's Magic Scroll Shop.
 16513 | Orc:2    | Bought a scroll of identify for 30 gold pieces
 16513 | Orc:2    | Bought a scroll of acquirement for 780 gold pieces
 16513 | Orc:2    | Bought a scroll of identify for 30 gold pieces
 16513 | Orc:2    | Bought a scroll of brand weapon for 142 gold pieces
 16513 | Orc:2    | Bought a scroll of enchant weapon for 112 gold pieces
 16513 | Orc:2    | Acquired a +3 executioner's axe of electrocution
 16529 | Orc:2    | Bought a scroll of teleportation for 45 gold pieces
 16549 | Orc:2    | Noticed an orc high priest
 16586 | Orc:2    | Killed an orc high priest
 16587 | Orc:2    | Reached XP level 12. HP: 107/107 MP: 11/11
 16741 | Orc:1    | Noticed a two-headed ogre
 16745 | Orc:1    | Killed a two-headed ogre
 17134 | Orc:1    | Noticed Sonja
 17138 | Orc:1    | Killed Sonja
 17373 | Orc:2    | Noticed an orc high priest
 17385 | Orc:2    | Killed an orc high priest
 18303 | Orc:2    | Noticed an orc high priest
 18303 | Orc:2    | Noticed an orc high priest
 18385 | Orc:2    | Gained mutation: You have hidden genetic defects. [a
                  | neqoxec]
 18386 | Orc:2    | Killed an orc high priest
 18388 | Orc:2    | Killed an orc high priest
 19508 | Orc:2    | Found a staircase to the Elven Halls.
 19540 | Orc:2    | Reached skill level 10 in Axes
 19820 | Orc:2    | Noticed a demonspawn
 19822 | Orc:2    | Noticed a demonspawn
 19839 | Orc:2    | Killed a demonspawn
 19843 | Orc:2    | Killed a demonspawn
 19857 | Orc:2    | Gained mutation: You are weak. (Str -2) [hidden defects]
 19892 | Orc:2    | Paralysed by an orc sorcerer for 3 turns
 19994 | Orc:2    | Noticed an orc high priest
 19998 | Orc:2    | Killed an orc high priest
 20220 | Orc:2    | Found Elyprah's Book Shoppe.
 20220 | Orc:2    | Found Xisainna's Antique Armour Emporium.
 20221 | Orc:2    | Found a one-way gate leading to the halls of Pandemonium.
 20296 | D:11     | Noticed a two-headed ogre
 20304 | D:11     | Killed a two-headed ogre
 20407 | D:11     | Reached XP level 13. HP: 92/116 MP: 12/12
 20509 | D:11     | Gained mutation: You are very weak. (Str -4) [hidden
                  | defects]
 20509 | D:11     | Lost mutation: You have hidden genetic defects. [hidden
                  | defects expressed]
 20542 | D:11     | Found a staircase to the Lair.
 20597 | D:11     | Reached skill level 10 in Armour
 20803 | D:11     | Found a runed translucent door.
 20803 | D:11     | Noticed TittyCrusher's ghost (journeyman OpEE)
 20820 | D:11     | Killed TittyCrusher's ghost
 21328 | Lair:1   | Entered Level 1 of the Lair of Beasts
 24026 | Lair:3   | Upgraded the game from 0.31-a0-204-g7da18cac08 to
                  | 0.31-a0-208-gdb31a4691d
 24093 | Lair:3   | Found a frozen archway.
 24099 | IceCv    | Entered an ice cave
 24637 | IceCv    | Noticed a reaper
 24663 | IceCv    | Slain by a reaper

Illustrated notes

Levels and vault maps discovered:
D:1:      onia_arrival_pentagram, layout_basic
D:2:      layout_loops_ring, nicolae_ecumenical_snake_handling, minmay_domino_4,
          uniq_sigmund, uniq_robin
D:3:      layout_loops_ring, led_xom_imps, hellmonk_ghost_happy_afterlife,
          kennysheep_donut, minmay_pentomino_pile
D:4:      layout_cave_pools, pf_just_have_faith, nicolae_overflow_hidden_temple,
          makhleb_heckhound_becter, gammafunk_ghost_arena, portal_sewer_entry_c,
          minmay_checkerbox
D:5:      minmay_chambers_of_threes, layout_loops_corners,
          mainiacjoe_overflow_concentric_impassable, dk_noncrumbling_4
D:6:      layout_gridville, mainiacjoe_overflow_swirl, uniq_maggie, uniq_edmund,
          uniq_blork_the_orc
D:7:      layout_loops_corners, vehumet_crystals, minmay_temple_entry_mini_moons
D:8:      layout_basic, worldfamousw_hep_ancestral_shrine, uniq_pikel
D:9:      layout_layer_cave, erik_orc_3, uniq_erica, uniq_maurice, uniq_grum
D:10:     cheibrodos_statue_roulette, layout_loops_ring,
          nemelex_diamond_rough_becter
D:11:     layout_basic, grunt_lair_entry_orc_guard_hut,
          ebering_ghost_inner_flame
Lair:1:   layout_layer_cave
Lair:2:   layout_cave_pods
Lair:3:   layout_roguey, minmay_swamp_entry_worms, spider_nest_entry_rubble,
          portal_ice_cave_rime, grunt_megastairs_3, lemuel_fruit_tree,
          infiniplex_staircase_pool_2
Orc:1:    layout_diamond_mine, uniq_sonja
Orc:2:    pf_orc_diabolical, layout_caves
IceCv:    ice_cave_caverns_03

Skill      XL: |  1  2  3  4  5  6  7  8  9 10 11 12 13 |
---------------+----------------------------------------+-----
Axes           | 4 5 6 8 10 12 | 12.0
Stealth        | 1 2 3 |  3.1
Fighting       | 4 5 6 7 8 9 10 11 12 | 12.0
Polearms       | 1 3 5 7 10 11 12 13 | 13.6
Ranged Weapons | 2 4 6 9 10 11 13 | 13.8
Armour         | 4 7 9 11 | 11.3
Evocations     | 2 5 7 8 |  8.5
Dodging        | |  2.1

Action                     |  1- 3 |  4- 6 |  7- 9 | 10-12 | 13-15 || total
---------------------------+-------+-------+-------+-------+-------++-------
  Melee: Hand axe          |    54 |     1 |       |       |       ||    55
         Headbutt          |     8 |    15 |    36 |    47 |    30 ||   136
         Halberd           |       |   116 |   352 |   309 |       ||   777
         Executioner's axe |       |       |       |    71 |   163 ||   234
   Fire: Sling             |       |    30 |    25 |       |       ||    55
         Orcbow            |       |       |       |    10 |       ||    10
         Arbalest          |       |       |       |   156 |    52 ||   208
  Throw: Stone             |       |       |     3 |       |       ||     3
         Dart              |       |       |       |    11 |     1 ||    12
 Invoke: Berserk           |     1 |       |     4 |    14 |     2 ||    21
         Trog's Hand       |     1 |       |     3 |    21 |     6 ||    31
  Evoke: Wand              |       |       |       |    11 |     1 ||    12
    Use: Scroll            |       |     3 |     6 |    15 |     7 ||    31
         Potion            |       |       |       |     3 |       ||     3
 Armour: Ring mail         |    15 |       |       |       |       ||    15
         Scale mail        |    15 |    55 |    65 |       |       ||   135
         Chain mail        |       |       |    79 |       |       ||    79
         Plate armour      |       |       |       |   231 |   105 ||   336
         Acid dragon scale |       |       |       |     4 |       ||     4
         Ice dragon scales |       |       |       |       |     4 ||     4
  Dodge: Dodged            |    30 |    60 |   166 |   163 |    66 ||   485
  Block: Other             |       |       |       |       |     7 ||     7

Table legend: (Time is in decaauts)
 A = Elapsed time spent in this place.
 B = Non-inter-level travel time spent in this place.
 C = Inter-level travel time spent in this place.
 D = Time resting spent in this place.
 E = Time spent auto-exploring this place.
 F = Levels seen in this place.
 G = Mean time per level.
                   A        B        C        D        E       F      G
               +--------+--------+--------+--------+--------+-----+--------+
         Total |  25159 |  24664 |    495 |   8935 |  12150 |  18 | 1397.7 |
       Dungeon |  12222 |  11862 |    360 |   1578 |   8338 |  11 | 1111.1 |
          Lair |   2745 |   2717 |     28 |    292 |   2120 |   3 |  915.0 |
  Orcish Mines |   9103 |   8997 |    106 |   6796 |   1211 |   2 | 4551.5 |
         Sewer |    508 |    508 |      0 |     84 |    209 |   1 |  508.0 |
      Ice Cave |    578 |    578 |      0 |    184 |    271 |   1 |  578.0 |
               +--------+--------+--------+--------+--------+-----+--------+

Top non-repeatable levels by time:
   Orc:2: 7497 daAuts
  Lair:1: 1800 daAuts
   Orc:1: 1606 daAuts
     D:9: 1597 daAuts
     D:5: 1217 daAuts
     D:3: 1214 daAuts
    D:11: 1110 daAuts
     D:7: 1108 daAuts
     D:4: 1074 daAuts
     D:8: 1070 daAuts
     D:6: 1017 daAuts
     D:2: 959 daAuts
     D:1: 954 daAuts
    D:10: 898 daAuts
  Lair:2: 865 daAuts
